 Dungeon Crawl Stone Soup version 0.25.1-1-g288607f5aa (webtiles) character file.

Game seed: 1817880161544992175

46 H0rd4k the Insei (level 3, 0/23 HPs)
             Began as an Octopode Transmuter on July 23, 2020.
             Killed from afar by an orc wizard (6 damage)
             ... with a magic dart
             ... on level 2 of the Dungeon.
             The game lasted 00:01:19 (1424 turns).

H0rd4k the Insei (Octopode Transmuter)              Turns: 1424, Time: 00:01:19

Health: 0/23       AC:  1    Str:  9    XL:     3   Next: 68%
Magic:  5/6        EV: 13    Int: 16    God:
Gold:   93         SH:  0    Dex: 12    Spells: 0/6 levels left

rFire    . . .     SeeInvis .     - Unarmed
rCold    . . .     Gourm    .   (no shield)
rNeg     . . .     Faith    .   (helmet restricted)
rPois    .         Spirit   .   (no amulet)
rElec    .         Reflect  .   (no ring)
rCorr    .         Harm     .   (no ring)
MR       .....                  (no ring)
Stlth    +++.......             (no ring)
HPRegen  0.07/turn              (no ring)
MPRegen  0.10/turn              (no ring)
                                (no ring)
                                (no ring)

@: appendage
A: almost no armour, stealthy swim, amphibious, 8 rings, constrict 8, tentacle
spike 3, camouflage 1, gelatinous body 1
a: End Transformation


You were on level 2 of the Dungeon.
You were not hungry.
One of your tentacles had a temporary spike.
You visited 1 branch of the dungeon, and saw 2 of its levels.

You collected 93 gold pieces.

Inventory:

Missiles
 a - 66 arrows
Jewellery
 h - an uncursed amulet of faith {unknown}
Scrolls
 b - a scroll of enchant armour {unknown}
 e - a scroll of magic mapping {unknown}
 f - a scroll of amnesia {unknown}
 i - 4 scrolls of identify {unknown}
Potions
 d - a potion of heal wounds {unknown}
 g - a potion of brilliance {unknown}
 j - 2 potions of curing {unknown}
 k - a potion of stabbing {unknown}
 l - a potion of resistance {unknown}
 m - a potion of ambrosia {unknown}
Comestibles
 c - 2 rations


   Skills:
 + Level 1.0 Fighting
 + Level 2.3 Dodging
 + Level 1.0 Stealth
 + Level 3.8 Unarmed Combat
 * Level 2.3 Spellcasting
 * Level 2.2 Transmutations


You couldn't memorise any spells.
You knew the following spells:

 Your Spells              Type           Power        Failure   Level  Hunger
a - Beastly Appendage     Tmut           #.....       8%          1    #......
b - Sticks to Snakes      Tmut           #.......     12%         2    ###....
c - Spider Form           Tmut/Pois      #.........   36%         3    ###....

Your spell library contained the following spells:

 Spells                   Type           Power        Failure   Level  Hunger
 Ice Form                 Ice/Tmut       #.......     77%         4    #####..
 Blade Hands              Tmut           #.........   91%         5    ######.


Dungeon Overview and Level Annotations

Branches:
Dungeon (2/15)

Altars:
Dithmenos
Gozag
Kikubaaqudgha
Ru
Wu Jian

Annotations:
D:1 exclusion: downstairs


Innate Abilities, Weirdness & Mutations

You cannot wear most types of armour.
You are very stealthy in the water. (Stealth+)
You are amphibious.
You can wear up to eight rings at the same time.
You can use your tentacles to constrict eight enemies at once.
Your skin changes colour to match your surroundings (Stealth+).
Your rubbery body absorbs attacks. (AC +1, EV +1)
One of your tentacles bears a large vicious spike.


Message History

Your tentacle spike disappears.
Found a sacrificial altar of Ru.
Casting: Beastly Appendage (safe; 8% risk of failure)
Confirm with . or Enter, or press ? or * to list all spells.
One of your tentacles grows a vicious spike.
The orc wizard shouts!
You hear a shout! x2
An orc priest comes into view. It is wielding a +0 hand axe.
An orc and an orc wizard come into view.
The orc wizard shouts!
The orc shouts!
You completely miss the orc wizard. You grab the orc wizard.
Your squeeze misses the orc wizard.
You constrict the orc wizard, but do no damage.
The orc wizard hits you with a +0 mace!
The orc wizard gestures at you while chanting.
The magic dart hits you!
* * * LOW HITPOINT WARNING * * *
You release your grip on the orc wizard.
The orc wizard gestures at you while chanting.
The magic dart hits you.
You die...

#.........# #........
#.#.###.##.# #.##.####.
#....##.# ..#.# #.# #.
##.###.#.# #.## #.# #. ...
#.... ........# #.
.#.###..####.####..# #.
........##.....##..# #.
.......)#.......#..# ##.
...#.#.@#o......#..###..
#.......oo._........... #
#...#..#.......#.......
#.#.#...#..#.......#.......
##.#.#...#..##.....##..##.##
#....#...#..####.####..##.#
.#...^................##.#
...........#..##.####.##.#
####.#...##............##.#


You could see 2 orc wizards.

Vanquished Creatures
  2 oozes (D:1)
  A worm (D:2)
  3 dart slugs (D:1)
  A giant cockroach (D:1)
  3 hobgoblins (D:1)
  A bat (D:1)
  2 frilled lizards (D:1)
  9 goblins
  A kobold (D:1)
  8 rats
31 creatures vanquished.

Notes
Turn   | Place    | Note
-------+----------+-------------------------------------------
     0 | D:1      | H0rd4k the Octopode Transmuter began the quest for the Orb.
     0 | D:1      | Reached XP level 1. HP: 13/13 MP: 3/3
   130 | D:1      | Reached XP level 2. HP: 12/18 MP: 5/5
   267 | D:1      | Learned a level 2 spell: Sticks to Snakes
   505 | D:1      | Reached XP level 3. HP: 20/23 MP: 6/6
   519 | D:1      | Learned a level 3 spell: Spider Form
  1191 | D:2      | Found an ornate altar of the Wu Jian Council.
  1267 | D:2      | Found an ancient bone altar of Kikubaaqudgha.
  1293 | D:2      | Found an opulent altar of Gozag.
  1305 | D:2      | Reached skill level 1 in Stealth
  1312 | D:2      | Found a shadowy altar of Dithmenos.
  1420 | D:2      | Found a sacrificial altar of Ru.
  1424 | D:2      | Killed from afar by an orc wizard

Illustrated notes

Levels and vault maps discovered:
D:1:      grunt_arrival_lava_bath, layout_loops_ring, minivault_25
D:2:      layout_loops_ring, old_standard_altar,
          nicolae_overflow_quartered_altars, kennysheep_okawaru_gauntlet

Skill      XL: |  1  2  3 |
---------------+----------+-----
Stealth        | 1 |  1.0
Fighting       | |  1.0
Dodging        | |  2.3
Unarmed Combat | |  3.8
Spellcasting   | |  2.3
Transmutations | |  2.2

Action                   || total
-------------------------++-------
Melee: Unarmed           ||    55
       Constrict         ||    19
       Tentacles         ||     8
       Kick              ||     2
 Cast: Beastly Appendage ||     3
 Stab: Sleeping          ||     7
  Eat: Chunk             ||     2
Armor: Skin              ||     1
Dodge: Dodged            ||    18
